 Dungeon Crawl Stone Soup version 0.27-a0-681-g0c81a3c1c3 (webtiles) character file.

Game seed: 9450825885965853365

4712 snetch the Basher (level 10, -5/129 HPs)
             Began as a Minotaur Berserker on Mar 19, 2021.
             Was an Elder of Trog.
             Slain by a phantasmal warrior (26 damage)
             ... led by a death knight
             ... on level 9 of the Dungeon.
             The game lasted 00:23:47 (9275 turns).

snetch the Basher (Minotaur Berserker)              Turns: 9275, Time: 00:23:48

Health: -5/129     AC: 16    Str: 24    XL:     10   Next: 22%
Magic:  18/18      EV: 12    Int:  4    God:    Trog [****..]
Gold:   420        SH:  3    Dex: 11    Spells: 9/9 levels left

rFire    . . .     SeeInvis .   a - +0 war axe
rCold    . . .     Faith    .   I - +0 buckler
rNeg     . . .     Spirit   .   C - +5 ring mail "Ysiczian" {rPois MP+9 Stlth+}
rPois    +         Reflect  .   (helmet restricted)
rElec    .         Harm     .   u - scarf {+Inv}
rCorr    .         Rampage  .   (no gloves)
Will     +....                  (no boots)
Stlth    ..........             O - amulet of regeneration
HPRegen  1.31/turn              k - ring of willpower
MPRegen  0.16/turn              M - +4 ring of protection

@: berserking (expiring), slowed
A: horns 2, retaliatory headbutt
a: Renounce Religion, Evoke Invisibility, Berserk, Trog's Hand, Brothers in Arms


You were on level 9 of the Dungeon.
You worshipped Trog.
Trog was greatly pleased with you.
You visited 2 branches of the dungeon, and saw 11 of its levels.

You collected 420 gold pieces.

Inventory:

Hand Weapons
 a - a +0 war axe (weapon)
 b - a +2 flail of protection
 c - a +0 trident
 B - the +6 spear "Bekhlohov" {speed, Fragile MP+9 Dex+3}
   (You found it on level 8 of the Dungeon)

   Attacks with this weapon are significantly faster.
   It affects your dexterity (+3).
   It affects your magic capacity (+9).
   It will be destroyed if unequipped.
Missiles
 f - 3 javelins
 g - 162 stones
 i - 71 arrows
 j - 60 sling bullets
 q - 5 poisoned darts (quivered)
 x - 2 boomerangs
 y - 75 bolts
Armour
 u - a scarf of invisibility (worn)
 z - a +0 plate armour
 C - the +5 ring mail "Ysiczian" (worn) {rPois MP+9 Stlth+}
   (You found it on level 5 of the Dungeon)

   It protects you from poison.
   It affects your magic capacity (+9).
   It makes you more stealthy.
 I - a +0 buckler (worn)
Jewellery
 k - a ring of willpower (right hand)
 F - a ring of fire
 M - a +4 ring of protection (left hand)
 O - an amulet of regeneration (around neck)
Wands
 t - a wand of polymorph (3)
 L - a wand of iceblast (7)
Scrolls
 d - 5 scrolls of teleportation {unknown}
 h - 3 scrolls of amnesia {unknown}
 l - 9 scrolls of identify {unknown}
 p - 2 scrolls of random uselessness {unknown}
 r - 3 scrolls of enchant weapon {unknown}
 A - a scroll of silence {unknown}
 E - a scroll of enchant armour {unknown}
 K - 2 scrolls of fog {unknown}
 P - a scroll of magic mapping {unknown}
Potions
 e - a potion of heal wounds {unknown}
 m - 3 potions of curing {unknown}
 n - a potion of haste {unknown}
 o - 2 potions of might {unknown}
 s - a potion of mutation {unknown}
 v - 2 potions of cancellation {unknown}
 w - a potion of berserk rage {unknown}
 D - 2 potions of flight {unknown}
 G - a potion of resistance
 H - 2 potions of degeneration {unknown}
 J - a potion of attraction {unknown}
 N - 2 potions of lignification {unknown}


   Skills:
 + Level 7.6 Fighting
 + Level 6.1(9.1) Axes
 + Level 10.3(11.0) Maces & Flails
 + Level 3.5 Throwing
 + Level 9.0 Armour
 + Level 5.9 Dodging
 + Level 2.2 Stealth
 + Level 0.4 Shields


You had 9 spell levels left.
You didn't know any spells.
Your spell library contained the following spells:

 Spells                   Type           Power      Damage    Failure   Level
 Animate Skeleton         Necr           0%         N/A       78%         1
 Apportation              Tloc           0%         N/A       78%         1
 Beastly Appendage        Tmut           0%         N/A       78%         1
 Corona                   Hex            0%         N/A       78%         1
 Sandblast                Erth           0%         2d4       78%         1
 Shock                    Conj/Air       0%         1d3       78%         1
 Summon Small Mammal      Summ           0%         N/A       78%         1
 Passwall                 Tmut/Erth      0%         N/A       89%         2
 Swiftness                Air            0%         N/A       89%         2
 Wereblood                Tmut           0%         N/A       89%         2
 Confusing Touch          Hex            0%         N/A       98%         3
 Gell's Gravitas          Tloc           0%         N/A       98%         3
 Spider Form              Tmut/Pois      0%         N/A       98%         3
 Static Discharge         Conj/Air       0%         N/A       98%         3
 Stone Arrow              Conj/Erth      0%         3d7       98%         3
 Airstrike                Air            0%         N/A       100%        4
 Ice Form                 Ice/Tmut       0%         N/A       100%        4
 Petrify                  Tmut/Erth      0%         N/A       100%        4
 Blade Hands              Tmut           0%         N/A       100%        5
 Lee's Rapid Deconstruct  Erth           0%         3d5*      100%        5
 Lightning Bolt           Conj/Air       0%         1d11      100%        5
 Metabolic Englaciation   Hex/Ice        0%         N/A       100%        5
 Yara's Violent Unravell  Hex/Tmut       0%         3d3       100%        5


Dungeon Overview and Level Annotations

Branches:
Dungeon (10/15)            Temple (1/1) D:7
   Lair: D:8-11         Orc: D:9-12

Altars:
Ashenzari
Cheibriados
Dithmenos
Fedhas
Hepliaklqana
Kikubaaqudgha
Makhleb
Okawaru
Qazlal
Ru
Sif Muna
Trog
Uskayaw
Wu Jian
Xom
Yredelemnul
Zin
The Shining One


Innate Abilities, Weirdness & Mutations

You have a pair of horns on your head.
You reflexively headbutt those who attack you in melee.


Message History

The freezing wraith freezes you! The freezing wraith barely misses you.
The freezing wraith hits you. The freezing wraith freezes you!!
The freezing wraith closely misses you.
You hit the freezing wraith but do no damage.
The freezing wraith is lightly damaged.
You slash the freezing wraith!
You hit the phantasmal warrior but do no damage.
You barely miss the freezing wraith.
Your headbutt misses the freezing wraith.
The freezing wraith is lightly damaged.
You slash the freezing wraith! You hit the phantasmal warrior.
The freezing wraith closely misses you. You furiously retaliate!
You headbutt the freezing wraith! The freezing wraith misses you.
The phantasmal warrior hits you! The freezing wraith hits you.
The freezing wraith freezes you! You block the freezing wraith's attack.
You slash the freezing wraith!
The freezing wraith is heavily damaged.
You closely miss the freezing wraith. You barely miss the phantasmal warrior.
The phantasmal warrior closely misses you.
The freezing wraith hits you but does no damage.
The freezing wraith hits you. The freezing wraith drains your vigour!
You feel yourself slow down. The freezing wraith misses you.
The freezing wraith hits you but does no damage.
You slice the freezing wraith!!
You destroy the freezing wraith!
Trog accepts your kill.
You slash the freezing wraith!
You destroy the freezing wraith!
Trog accepts your kill.
You slash the phantasmal warrior! The phantasmal warrior hits you!
Your base Axes skill increases to level 6!
Your Armour skill increases to level 9!
You closely miss the phantasmal warrior.
The phantasmal warrior is moderately damaged.
The phantasmal warrior hits you!!
* * * LOW HITPOINT WARNING * * *
You closely miss the phantasmal warrior.
The phantasmal warrior is moderately damaged.
The phantasmal warrior hits you!!
You die...

...# ...# #..#
...# #..#
..)############..#
.................#
>................#
.................#
...............W.#
................@#
.................#
.................#
##..############.#
#.. #.# #.. #.#
#.. #.# #.. ..#
... ..#


You could see a phantasmal warrior.

Vanquished Creatures
  2 freezing wraiths (D:9)
  Sigmund (D:3)
  Eustachio (D:4)
  A steam dragon (D:8)
  Edmund (D:6)
  3 water moccasins
  An orc warrior (D:7)
  An ice beast (D:8)
  4 sky beasts
  A black bear (D:7)
  An ogre (D:7)
  3 necrophages
  3 phantoms (D:8)
  A centaur (D:5)
  5 bullfrogs
  A scorpion (D:8)
  6 killer bees (D:9)
  4 howler monkeys (D:7)
  A bullfrog zombie (D:6)
  Crazy Yiuf (D:4)
  5 hounds
  2 bullfrog skeletons
  4 orc priests
  Natasha (thrice) (D:4)
  An iguana (D:7)
  Jessica (D:3)
  Terence (D:2)
  12 orc wizards
  3 worker ants
  Robin (D:4)
  10 gnolls
  10 adders
  A howler monkey skeleton (D:7)
  2 shadow imps
  A white imp (D:8)
  An ufetubus (D:6)
  An ooze (D:2)
  An adder skeleton (D:5)
  3 worms
  4 dart slugs
  5 leopard geckos
  23 orcs
  7 giant cockroaches
  7 goblins
  10 hobgoblins
  5 jackals
  6 kobolds
  3 quokkas
  9 bats
  3 frilled lizards
  2 leopard gecko skeletons
  6 rats
195 creatures vanquished.

Vanquished Creatures (others)
  3 fungi (D:4)
3 creatures vanquished.

Grand Total: 198 creatures vanquished

Notes
Turn   | Place    | Note
-------+----------+-------------------------------------------
     0 | D:1      | snetch the Minotaur Berserker began the quest for the Orb.
     0 | D:1      | Reached XP level 1. HP: 19/19 MP: 0/0
   917 | D:2      | Reached XP level 2. HP: 24/27 MP: 1/1
  1087 | D:3      | Reached XP level 3. HP: 29/34 MP: 2/2
  1395 | D:2      | Reached XP level 4. HP: 41/41 MP: 3/3
  1399 | D:2      | Reached ** piety under Trog
  1607 | D:2      | Noticed Terence
  1611 | D:2      | Killed Terence
  1614 | D:2      | Reached XP level 5. HP: 46/47 MP: 4/4
  1805 | D:3      | Noticed Sigmund
  1854 | D:3      | Killed Sigmund
  1855 | D:3      | Reached skill level 5 in Fighting
  1855 | D:3      | Reached skill level 5 in Axes
  1855 | D:3      | Reached skill level 1 in Maces & Flails
  1855 | D:3      | Reached XP level 6. HP: 56/56 MP: 5/5
  2023 | D:2      | You fall into a shaft and drop 2 floors!
  2038 | D:4      | Noticed Natasha
  2045 | D:4      | Killed Natasha
  2046 | D:4      | Reached skill level 5 in Armour
  2126 | D:4      | Reached skill level 2 in Maces & Flails
  2137 | D:4      | Reached skill level 1 in Throwing
  2591 | D:4      | Noticed Eustachio
  2640 | D:4      | Killed Eustachio
  2641 | D:4      | Reached skill level 3 in Maces & Flails
  2641 | D:4      | Reached XP level 7. HP: 16/61 MP: 6/6
  2958 | D:4      | Found a runed translucent door.
  2959 | D:4      | Noticed Crazy Yiuf
  2965 | D:4      | Killed Crazy Yiuf
  3070 | D:4      | Reached skill level 4 in Maces & Flails
  3124 | D:4      | Noticed Robin
  3136 | D:4      | Killed Robin
  3172 | D:4      | Noticed Natasha
  3182 | D:4      | Killed Natasha
  3494 | D:4      | Noticed Natasha
  3501 | D:4      | Killed Natasha
  3585 | D:3      | Reached *** piety under Trog
  3686 | D:5      | Entered Level 5 of the Dungeon
  4295 | D:3      | Noticed Jessica
  4301 | D:3      | Killed Jessica
  4440 | D:3      | Found a hide-covered altar of Uskayaw.
  4440 | D:3      | Found a burning altar of Makhleb.
  4441 | D:3      | Found an iron altar of Okawaru.
  4657 | D:5      | Reached skill level 5 in Maces & Flails
  4917 | D:5      | Reached XP level 8. HP: 68/70 MP: 7/7
  5160 | D:5      | Identified the +5 ring mail "Ysiczian" {rPois MP+9 Stlth+}
  6508 | D:6      | Reached skill level 6 in Maces & Flails
  6673 | D:6      | Noticed Edmund
  6686 | D:6      | Killed Edmund
  7083 | D:7      | Reached skill level 7 in Maces & Flails
  7124 | D:7      | Reached skill level 1 in Stealth
  7138 | D:7      | Reached **** piety under Trog
  7162 | D:7      | Reached XP level 9. HP: 51/78 MP: 8/8
  7438 | D:7      | Found a staircase to the Ecumenical Temple.
  7450 | Temple   | Entered the Ecumenical Temple
  7650 | D:8      | Reached skill level 8 in Maces & Flails
  8073 | D:7      | Reached skill level 5 in Dodging
  8104 | D:7      | Reached skill level 9 in Maces & Flails
  8495 | D:8      | Upgraded the game from 0.27-a0-679-g77a6b55cf3 to
                  | 0.27-a0-681-g0c81a3c1c3
  8676 | D:8      | Identified the +6 spear "Bekhlohov" {speed, Fragile MP+9
                  | Dex+3}
  8850 | D:8      | Reached skill level 10 in Maces & Flails
  8997 | D:9      | Reached XP level 10. HP: 86/86 MP: 9/9
  9266 | D:10     | Entered Level 10 of the Dungeon
  9266 | D:10     | Noticed a death knight
  9266 | D:10     | Noticed a phantasmal warrior
  9275 | D:9      | Slain by a phantasmal warrior

Illustrated notes

Levels and vault maps discovered:
D:1:      dpeg_arrival_short_road, layout_basic, serial_corexii_hall,
          chequers_hall_statues_wall_a, chequers_hall_statues_y
D:2:      layout_basic, minmay_tetromino_o4, uniq_terence
D:3:      layout_rooms, gammafunk_temple_overflow_claw,
          hangedman_abyss_or_decor_stabs, amcnicky_mini_rare_corridor_liquid,
          minmay_cut_off, uniq_jessica, uniq_sigmund
D:4:      layout_basic, hangedman_decor_clover_reticule, uniq_natasha,
          uniq_crazy_yiuf_cottage, uniq_eustachio, uniq_robin
D:5:      layout_layer_cave, serial_bayou_pond_e, lemuel_flamethrower_2
D:6:      layout_cave_pools, uniq_edmund
D:7:      kennysheep_six_static_rooms, layout_basic, minmay_temple_entry_tees,
          chequers_garden
D:8:      layout_loops_ring
D:9:      layout_long_grid, grunt_temple_overflow_cloverleaf, orc_0_dummy
D:10:     layout_loops_ring, david_lair_generic, serial_shops,
          nicolae_shop_waterfront, kennysheep_generic_room_6, uniq_erica,
          uniq_nergalle
Temple:   regret_index_temple_waves

Skill      XL: |  1  2  3  4  5  6  7  8  9 10 |
---------------+-------------------------------+-----
Fighting       | 4 5 6 7 |  7.6
Axes           | 4 5 6 |  6.1
Armour         | 3 4 5 6 7 8 9 |  9.0
Maces & Flails | 1 3 5 7 10 | 10.3
Dodging        | 3 4 5 |  5.9
Throwing       | 1 2 3 |  3.5
Stealth        | 1 2 |  2.2
Shields        | |  0.4

Action                   |  1- 3 |  4- 6 |  7- 9 | 10-12 || total
-------------------------+-------+-------+-------+-------++-------
Melee: Hand axe          |    40 |     4 |    13 |       ||    57
       Headbutt          |     8 |    19 |    63 |     3 ||    93
       Flail             |       |   101 |   352 |    21 ||   474
       Unarmed           |       |     8 |       |       ||     8
       War axe           |       |       |       |    13 ||    13
Throw: Dart              |       |     6 |    47 |       ||    53
       Javelin           |       |       |     2 |       ||     2
Invok: Berserk           |     2 |     2 |     2 |     1 ||     7
       Trog's Hand       |       |     2 |     3 |       ||     5
 Stab: Distracted        |       |       |     1 |       ||     1
       Sleeping          |       |       |     1 |       ||     1
Armor: Ring mail         |     6 |       |   141 |    21 ||   168
       Chain mail        |     3 |    64 |    36 |       ||   103
       Plate armour      |       |       |    40 |       ||    40
Dodge: Dodged            |    33 |    58 |   180 |    33 ||   304
Block: Buckler           |       |       |     3 |     7 ||    10

Table legend: (Time is in decaauts)
 A = Elapsed time spent in this place.
 B = Non-inter-level travel time spent in this place.
 C = Inter-level travel time spent in this place.
 D = Time resting spent in this place.
 E = Time spent auto-exploring this place.
 F = Levels seen in this place.
 G = Mean time per level.
                   A        B        C        D        E       F      G
               +--------+--------+--------+--------+--------+-----+--------+
         Total |   9365 |   8466 |    899 |    372 |   5879 |  11 |  851.4 |
       Dungeon |   9214 |   8389 |    825 |    372 |   5803 |  10 |  921.4 |
        Temple |    151 |     77 |     74 |      0 |     76 |   1 |  151.0 |
               +--------+--------+--------+--------+--------+-----+--------+

Top non-repeatable levels by time:
     D:4: 2042 daAuts
     D:5: 1442 daAuts
     D:2: 1430 daAuts
     D:7: 1291 daAuts
     D:1: 914 daAuts
     D:8: 688 daAuts
     D:6: 675 daAuts
     D:3: 586 daAuts
  Temple: 151 daAuts
     D:9: 141 daAuts
    D:10: 1 daAuts
